 Dungeon Crawl Stone Soup version 0.28.0 (webtiles) character file.

Game seed: 17734701522759828466

8 Morbidden the Conjurer (level 2, 20/20 HPs)
             Began as a Demonspawn Conjurer on Feb 15, 2022.
             Quit the game on level 1 of the Dungeon.
             The game lasted 00:00:58 (903 turns).

Morbidden the Conjurer (Demonspawn Conjurer)         Turns: 903, Time: 00:00:58

Health: 20/20      AC:  2    Str:  7    XL:     2   Next: 0%
Magic:  5/5        EV: 12    Int: 19    God:
Gold:   13         SH:  0    Dex: 11    Spells: 4/5 levels left

rFire   . . .      SeeInvis .   (no weapon)
rCold   . . .      Faith    .   (no shield)
rNeg    . . .      Spirit   .   a - +0 robe
rPois   .          Reflect  .   (no helmet)
rElec   .          Harm     .   (no cloak)
rCorr   .          Rampage  .   (no gloves)
Will    .....                   (no boots)
Stlth   ++........              (no amulet)
HPRegen 0.06/turn               (no ring)
MPRegen 0.09/turn               (no ring)

@: no status effects
A: demonic guardian 1
a: no special abilities


You were on level 1 of the Dungeon.
You visited 1 branch of the dungeon, and saw 1 of its levels.

You collected 13 gold pieces.

Inventory:

Missiles
 b - 6 poisoned darts (quivered)
Armour
 a - a +0 robe (worn)
Scrolls
 c - a scroll of enchant weapon {unknown}
Potions
 d - a potion of attraction {unknown}
 e - a potion of flight {unknown}
 f - a potion of curing {unknown}


   Skills:
 * Level 0.3 Fighting
 * Level 2.0 Dodging
 + Level 1.7 Stealth
 * Level 2.0 Spellcasting
 * Level 4.1 Conjurations


You had 4 spell levels left.
You knew the following spells:

 Your Spells              Type           Power      Damage    Failure   Level
a - Magic Dart            Conj           68%        1d6       3%          1

Your spell library contained the following spells:

 Spells                   Type           Power      Damage    Failure   Level
 Searing Ray              Conj           34%        2d5       4%          2
 Sandblast                Erth           2%         2d4       17%         1
 Slow                     Hex            4%         N/A       17%         1
 Dazzling Flash           Conj/Hex       18%        N/A       22%         3
 Stone Arrow              Conj/Erth      18%        3d8       22%         3
 Passwall                 Tmut/Erth      0%         N/A       26%         2
 Confusing Touch          Hex            1%         N/A       45%         3
 Vampiric Draining        Necr           1%         2d6       45%         3
 Fulminant Prism          Conj/Hex       4%         3d6       56%         4
 Iskenderun's Mystic Bla  Conj/Tloc      9%         2d4       56%         4


Dungeon Overview and Level Annotations

Branches:
Dungeon (1/15)

Altars:


Innate Abilities, Weirdness & Mutations

A weak demonic guardian rushes to your aid.


Message History

Unknown command.
A quokka is nearby!
Casting: Magic Dart (safe; 3% risk of failure)
Confirm with . or Enter, or press ? or * to list all spells.
Aiming: Magic Dart (safe; 3% risk of failure)
Press: ? - help, Shift-Dir - straight line, f/p - quokka
Aim: a quokka (almost dead, 100% to hit)
The magic dart hits the quokka but does no damage.
The quokka is almost dead.
A quokka is nearby!
Casting: Magic Dart (safe; 3% risk of failure)
Confirm with . or Enter, or press ? or * to list all spells.
You don't have enough magic to cast this spell.
Casting: Magic Dart (safe; 3% risk of failure)
Confirm with . or Enter, or press ? or * to list all spells.
You don't have enough magic to cast this spell.
Unknown command.
Casting: Magic Dart (safe; 3% risk of failure)
Confirm with . or Enter, or press ? or * to list all spells.
You don't have enough magic to cast this spell.
Casting: Magic Dart (safe; 3% risk of failure)
Confirm with . or Enter, or press ? or * to list all spells.
You don't have enough magic to cast this spell.
A quokka is nearby!
Unknown command.
The quokka bites you.
You barely miss the quokka.
The quokka is almost dead.
The quokka bites you but does no damage.
You hit the quokka.
You kill the quokka!
You have reached level 2!
Your demonic ancestry asserts itself...
You feel the presence of a demonic guardian.
You see here a quokka corpse.
Things that are here:
a +0 club; a goblin corpse As you open the door, it creaks loudly!
Found an escape hatch in the floor.
Are you sure you want to abandon this character and quit the game? (Confirm with "yes".)

####....≈≈≈≈≈≈≈≈≈≈≈≈≈≈≈≈≈..######
...##....≈≈≈≈≈≈≈≈≈≈≈≈≈≈≈≈≈.......
....#....≈≈≈≈≈≈≈≈≈≈≈≈≈≈≈≈≈≈.#####
>...'.....≈≈≈≈≈≈≈≈≈≈≈≈≈≈≈≈≈..# #
)...#.....≈≈≈≈≈≈≈≈≈≈≈≈≈≈≈≈≈≈.#
...##......≈≈≈≈≈≈≈#####≈≈≈≈≈.##
####≈≈........≈≈≈# ...##≈≈≈≈..##
≈≈≈≈≈≈≈≈.........#.....#≈≈≈≈≈..#
≈≈≈≈≈≈≈≈≈.......@'...>.#≈≈≈≈≈..##
≈≈≈≈≈≈≈≈≈.....≈≈.#.....#≈≈≈≈≈^..#
≈≈≈≈≈≈≈≈≈...≈≈≈≈≈# ...##≈≈≈≈....#
≈≈≈≈≈≈≈≈....≈≈≈≈≈≈#####≈≈≈≈≈.....
≈≈≈≈≈≈≈≈...≈≈≈≈≈≈≈≈≈≈≈≈≈≈≈≈≈.....
≈≈≈≈≈≈≈##'##≈≈≈≈≈≈≈≈≈≈≈≈≈≈≈≈....(
≈≈≈≈≈≈##...##≈≈≈≈≈≈≈≈≈≈≈≈≈≈.....#
≈≈≈≈≈≈#.....#≈≈≈≈≈≈≈≈≈≈≈≈≈≈.#...#
≈≈≈≈≈≈#..<..#≈≈≈≈≈≈≈≈≈≈≈≈≈..#####


There were no monsters in sight!

Vanquished Creatures
  A dart slug (D:1)
  A goblin (D:1)
  A hobgoblin (D:1)
  A quokka (D:1)
  A bat (D:1)
  A rat (D:1)
6 creatures vanquished.

Notes
Turn   | Place    | Note
-------+----------+-------------------------------------------
     0 | D:1      | Morbidden the Demonspawn Conjurer began the quest for the
                  | Orb.
     0 | D:1      | Reached XP level 1. HP: 13/13 MP: 3/3
   108 | D:1      | Found a faded altar of an unknown god.
   763 | D:1      | Gained mutation: A weak demonic guardian rushes to your
                  | aid. [demonic ancestry]
   763 | D:1      | Reached XP level 2. HP: 17/20 MP: 0/5
   903 | D:1      | Quit the game

Illustrated notes

Levels and vault maps discovered:
D:1:      minmay_arrival_shoal_huts, layout_loops_ring,
          chequers_ecumenical_altar_simple

Skill      XL: |  1 |
---------------+----+-----
Dodging        | 2 |  2.0
Fighting       | |  0.3
Stealth        | |  1.7
Spellcasting   | |  2.0
Conjurations   | |  4.1

Action                   || total
-------------------------++-------
Melee: Unarmed           ||     9
Throw: Dart              ||     1
 Cast: Magic Dart        ||    13
Armor: Robe              ||     1
Dodge: Dodged            ||     3
